 Dungeon Crawl Stone Soup version 0.23-a0-673-g3803c42f16 (webtiles) character file.

827 Brytavious the Shield-Bearer (level 8, 0/58 HPs)
             Began as a Formicid Fighter on Jan 8, 2019.
             Killed by divine providence
             ... invoked by an orc priest
              (14 damage)
             ... on level 5 of the Dungeon on Jan 9, 2019.
             The game lasted 00:10:23 (4208 turns).

Brytavious the Shield-Bearer (Formicid Fighter)     Turns: 4208, Time: 00:10:23

Health: 0/58       AC: 11    Str: 23    XL:     8   Next: 17%
Magic:  8/8        EV:  6    Int:  8    God:
Gold:   210        SH: 12    Dex: 10    Spells: 7/7 levels left

rFire    . . .     SeeInvis +   a - +0 flail
rCold    . . .     Gourm    +   c - +1 shield
rNeg     . . .     Faith    .   h - +0 plate armour
rPois    .         Spirit   .   (helmet unavailable)
rElec    .         Reflect  .   (no cloak)
rCorr    .         Harm     .   (no gloves)
MR       .....                  (no boots)
Stlth    ..........             k - amulet of the gourmand
HPRegen  0.19/turn              j - ring of wizardry
MPRegen  0.11/turn              (no ring)

@: lethally poisoned (0 -> -3)
A: permanent stasis, dig shafts and tunnels, four strong arms, antennae 3
a: Dig, Shaft Self


You were on level 5 of the Dungeon.
You were completely stuffed.

You visited 1 branch of the dungeon, and saw 5 of its levels.

You collected 210 gold pieces.

Inventory:

Hand Weapons
 a - a +0 flail (weapon)
Armour
 c - a +1 shield (worn)
 h - a +0 plate armour (worn)
Jewellery
 j - a ring of wizardry (left hand)
 k - an amulet of the gourmand (around neck)
Scrolls
 d - 2 scrolls of magic mapping
 e - 2 scrolls of remove curse
 g - 3 scrolls of identify
 l - 2 scrolls of fear
 o - 2 scrolls of fog {unknown}
Potions
 b - a potion of invisibility
 i - a potion of mutation
Comestibles
 f - 8 rations
 m - a chunk of flesh


   Skills:
 - Level 3.2 Fighting
 - Level 7.0 Maces & Flails
 - Level 3.2 Armour
 + Level 7.4 Shields


You had 7 spell levels left.
You didn't know any spells.
Your spell library was empty.

Dungeon Overview and Level Annotations

Branches:
Dungeon (5/15)
 Temple: D:4-7

Altars:
Cheibriados
Dithmenos
Elyvilon
Hepliaklqana


Innate Abilities, Weirdness & Mutations

You cannot be hasted, slowed, berserked, paralysed or teleported.
You can dig through walls and to a lower floor.
Your four strong arms can wield two-handed weapons with a shield.
You have a pair of large antennae on your head. (SInv)


Message History

The adder is almost dead.
You feel sick.
The orc priest mumbles some strange prayers to Beogh against you.
Beogh smites you!
* * * LOW HITPOINT WARNING * * *
You block the adder's attack.
It was a potion of curing.
You feel better. You block the adder's attack.
The adder bites you but does no damage.
You closely miss the adder.
The adder is almost dead.
The adder barely misses you.
You closely miss the adder.
The adder is almost dead.
The adder bites you.
* * * LOW HITPOINT WARNING * * *
You are poisoned.
The adder poisons you!
The orc priest mumbles some strange prayers to Beogh against you.
Beogh smites you!
You die...

##.#.##.## #..#
#.#o##.######..#
#.(.#..........#
####
##.##.....###.##
#... #.#......# #.#
#.#P #{#......# #.#
#.#P { #{#......#
#.# #)P≈
#o#....†.###.####..P
#oS@........>....PPP
##########.#.÷)##PPP
#.###.##P≈≈ #.#
#[##.PP #.# #.###.#
#.# #.# #.# ..# #.#
#.# ### #.# .# #.#


You could see 2 orc priests and an adder.

Vanquished Creatures
  An ice beast (D:5)
  2 phantoms
  A scorpion (D:5)
  A howler monkey (D:2)
  4 orc priests
  A hound (D:5)
  A bullfrog skeleton (D:4)
  Ijyb (D:4)
  An iguana (D:4)
  Natasha (D:2)
  3 worker ants
  A worker ant zombie (D:5)
  Robin (D:2)
  3 adders
  A howler monkey skeleton (D:4)
  2 adder skeletons (D:4)
  A worm (D:4)
  2 dart slugs
  3 leopard geckos
  12 orcs
  A ball python (D:1)
  12 bats
  5 giant cockroaches
  15 goblins
  7 hobgoblins
  3 frilled lizards
  4 kobolds
  7 rats
97 creatures vanquished.

Vanquished Creatures (others)
  A plant (D:5)
1 creature vanquished.

Grand Total: 98 creatures vanquished

Notes
Turn   | Place    | Note
-------+----------+-------------------------------------------
     0 | D:1      | Brytavious the Formicid Fighter began the quest for the
                  | Orb.
     0 | D:1      | Reached XP level 1. HP: 18/18 MP: 1/1
   108 | D:1      | Reached XP level 2. HP: 24/24 MP: 2/2
   428 | D:1      | Reached XP level 3. HP: 29/29 MP: 3/3
   664 | D:2      | Reached XP level 4. HP: 28/35 MP: 4/4
   724 | D:2      | Noticed Robin
  1086 | D:1      | Upgraded the game from 0.23-a0-666-g28d4f2f0af to
                  | 0.23-a0-673-g3803c42f16
  1145 | D:2      | Killed Robin
  1285 | D:2      | Reached XP level 5. HP: 12/41 MP: 5/5
  1625 | D:2      | Found a snail-covered altar of Cheibriados.
  1651 | D:2      | Noticed Natasha
  1653 | D:2      | Killed Natasha
  1653 | D:2      | Reached skill level 5 in Maces & Flails
  2089 | D:3      | Found a shadowy altar of Dithmenos.
  2658 | D:4      | Found a hazy altar of Hepliaklqana.
  2658 | D:4      | Found a white marble altar of Elyvilon.
  2808 | D:4      | Reached XP level 6. HP: 42/47 MP: 6/6
  2880 | D:4      | Noticed Ijyb
  2909 | D:4      | Killed Ijyb
  2937 | D:4      | Noticed a phantom
  2956 | D:4      | Killed a phantom
  3083 | D:4      | Reached XP level 7. HP: 49/52 MP: 7/7
  3719 | D:5      | Entered Level 5 of the Dungeon
  3732 | D:5      | Reached skill level 5 in Shields
  3831 | D:5      | Reached XP level 8. HP: 39/58 MP: 8/8
  4208 | D:5      | Killed from afar by an orc priest

Vault maps used:
D:1:      dpeg_arrival_orchard
D:2:      kennysheep_slug_shrine, first_ration, uniq_natasha, uniq_robin
D:3:      grunt_dithmenos_smoke
D:4:      grunt_temple_overflow_open, uniq_ijyb
D:5:      minmay_general_purpose_star, serial_bayou_lagoon_a,
          chequers_serial_rivers_marsh

Skill      XL: |  1  2  3  4  5  6  7  8 |
---------------+-------------------------+-----
Maces & Flails | 3 4 5 7 |  7.0
Shields        | 6 7 |  7.4
Fighting       | |  3.2
Armour         | |  3.2

Action                   |  1- 3 |  4- 6 |  7- 9 || total
-------------------------+-------+-------+-------++-------
Melee: Flail             |    73 |   270 |   140 ||   483
 Abil: Dig               |       |     1 |       ||     1
  Use: Scroll            |     4 |     6 |       ||    10
       Potion            |       |     1 |     1 ||     2
  Eat: Chunk             |       |     9 |    11 ||    20
Armor: Scale mail        |    43 |    67 |       ||   110
       Plate armour      |       |    85 |    39 ||   124
Dodge: Dodged            |    19 |    66 |    15 ||   100
Block: Shield            |    39 |   199 |    79 ||   317

Table legend:
 A = Non-vault XP
 B = Vault XP
 C = Vault XP percentage of total XP
 D = Non-vault monster count
 E = Vault monster count
 F = Vault count percentage of total count
                 A         B        C        D         E       F
            +---------+---------+-------+---------+---------+-------
      Total |    1032 |     150 |  12.7 |      81 |      16 |  16.5
            +---------+---------+-------+---------+---------+-------
        D:1 |      32 |       3 |   8.6 |      20 |       2 |   9.1
        D:2 |      84 |      71 |  45.8 |      13 |      12 |  48.0
        D:3 |      49 |       0 |   0.0 |      18 |       0 |   0.0
        D:4 |     406 |      36 |   8.1 |      19 |       1 |   5.0
        D:5 |     461 |      40 |   8.0 |      11 |       1 |   8.3
            +---------+---------+-------+---------+---------+-------
